 Dungeon Crawl Stone Soup version 0.27.0-1-g7a089689b8 (webtiles) character file.

Game seed: 15444719603736606688

44 Raykoid666 the Twirler (level 3, -1/29 HPs)
             Began as a Demonspawn Wanderer on Aug 6, 2021.
             Killed from afar by Blork the orc (10 damage)
             ... with a puff of flame
             ... on level 4 of the Dungeon.
             The game lasted 00:05:50 (1692 turns).

Raykoid666 the Twirler (Demonspawn Wanderer)        Turns: 1692, Time: 00:05:51

Health: -1/29      AC:  2    Str: 11    XL:     3   Next: 39%
Magic:  5/5        EV: 12    Int: 13    God:
Gold:   54         SH:  0    Dex: 14    Spells: 4/4 levels left

rFire    . . .     SeeInvis .   a - +2 quarterstaff
rCold    . . .     Faith    .   (shield currently unavailable)
rNeg     . . .     Spirit   .   d - +0 robe
rPois    .         Reflect  .   (no helmet)
rElec    .         Harm     .   (no cloak)
rCorr    .         Rampage  .   (no gloves)
Will     .....                  (no boots)
Stlth    ++........             (no amulet)
HPRegen  0.09/turn              (no ring)
MPRegen  0.09/turn              (no ring)

@: no status effects
A: condensation shield
a: no special abilities


You were on level 4 of the Dungeon.
You visited 1 branch of the dungeon, and saw 3 of its levels.

You collected 54 gold pieces.

Inventory:

Hand Weapons
 a - a +2 quarterstaff (weapon)
 e - a +0 trident
 g - a +1 dagger of speed
 l - a +0 vampiric dagger
Armour
 d - a +0 robe (worn)
Magical Staves
 k - a staff of earth
Scrolls
 b - a scroll of holy word {unknown}
 f - 2 scrolls of enchant weapon {unknown}
 h - 2 scrolls of identify {unknown}
 m - a scroll of fear {unknown}
Potions
 c - a potion of curing
 i - 2 potions of invisibility {unknown}
 j - a potion of flight {unknown}


   Skills:
 - Level 3.0 Fighting
 + Level 3.1 Staves
 - Level 1.0 Bows
 - Level 1.0 Armour
 + Level 1.4 Dodging
 - Level 1.0 Stealth
 + Level 1.4 Spellcasting
 - Level 1.0 Evocations


You had 4 spell levels left.
You didn't know any spells.
Your spell library contained the following spells:

 Spells                   Type           Power      Damage    Failure   Level
 Ensorcelled Hibernation  Hex/Ice        0%         N/A       38%         2
 Slow                     Hex            0%         N/A       38%         2
 Call Canine Familiar     Summ           0%         N/A       63%         3
 Confusing Touch          Hex            0%         N/A       63%         3
 Frozen Ramparts          Ice            0%         1d2       63%         3
 Portal Projectile        Hex/Tloc       0%         N/A       63%         3
 Spider Form              Tmut/Pois      0%         N/A       63%         3
 Vampiric Draining        Necr           0%         2d6       63%         3
 Ice Form                 Ice/Tmut       0%         N/A       95%         4
 Leda's Liquefaction      Hex/Erth       0%         N/A       95%         4
 Summon Ice Beast         Ice/Summ       0%         N/A       95%         4
 Shadow Creatures         Summ           N/A        N/A       100%        6


Dungeon Overview and Level Annotations

Branches:
Dungeon (2/15)

Altars:
Dithmenos

Annotations:
D:4 Blork the orc


Innate Abilities, Weirdness & Mutations

A meltable shield of frost defends you. (SH +0)


Message History

The kobold hits you but does no damage.
You see here a jackal corpse.
You closely miss the kobold.
The kobold hits you with a +0 short sword.
You hit the kobold.
You kill the kobold!
Things that are here:
a +0 short sword; 2 stones
b - a scroll labelled VOSCHI BUAXIXE HP restored.
m - a scroll labelled XUUB ZAEHUEQOM
Found 15 stones.
A ball python comes into view.
You fall into a shaft and drop 2 floors!
The shaft crumbles and collapses.
Found a scroll labelled ZEATIGHAUMP and 17 gold pieces.
Found a shadowy altar of Dithmenos.
Found a stone staircase leading down.
Blork the orc comes into view.
He is wielding a +5 hand axe.
The helpless Blork the orc fails to defend himself.
You thump Blork the orc!
Blork the orc is moderately wounded.
You block Blork the orc's attack.
You hit Blork the orc.
Blork the orc is moderately wounded.
Blork the orc grins evilly.
Blork the orc casts a spell at you. The magic dart hits you!
You sock Blork the orc!
Blork the orc is severely wounded.
Blork the orc hits you with a +5 hand axe.
You hit Blork the orc.
Blork the orc is severely wounded.
Blork the orc screams, "I'll make a cloak from your skin!"
Blork the orc hits you with a +5 hand axe!
You sock Blork the orc!
Blork the orc is almost dead.
Blork the orc casts a spell at you. The puff of flame hits you!
Your condensation shield dissipates!
You die...

....... #..$...
# ##.#... .#
....... ..#
..... ## ...#
#. ...#.#.....
.#...#.........
.......@.......
≈≈≈≈≈≈.o.......
.....§§......?.
≈≈≈≈§≈§........
...≈§§§........
._...§..>....#.
...≈.≈......##
≈≈≈≈.≈....#.#


You could see Blork the orc.

Vanquished Creatures
  A worm (D:2)
  3 dart slugs (D:1)
  2 bats (D:1)
  An endoplasm (D:1)
  4 goblins (D:1)
  3 hobgoblins (D:1)
  4 jackals (D:2)
  4 ball pythons (D:1)
  4 frilled lizards (D:1)
  8 kobolds
  A rat (D:1)
35 creatures vanquished.

Notes
Turn   | Place    | Note
-------+----------+-------------------------------------------
     0 | D:1      | Raykoid666 the Demonspawn Wanderer began the quest for the
                  | Orb.
     0 | D:1      | Raykoid666 set off with the following items: a +2
                  | quarterstaff, a potion of lignification, a potion of
                  | curing, a +0 robe
     0 | D:1      | Reached XP level 1. HP: 18/18 MP: 1/1
   259 | D:1      | Gained mutation: A meltable shield of frost defends you.
                  | (SH +0) [demonic ancestry]
   259 | D:1      | Reached XP level 2. HP: 24/24 MP: 3/3
   419 | D:1      | Reached skill level 1 in Dodging
   437 | D:1      | Reached skill level 1 in Spellcasting
   936 | D:1      | Reached XP level 3. HP: 28/29 MP: 4/4
  1687 | D:2      | You fall into a shaft and drop 2 floors!
  1687 | D:4      | Found a shadowy altar of Dithmenos.
  1688 | D:4      | Noticed Blork the orc
  1692 | D:4      | Killed from afar by Blork the orc

Illustrated notes

Levels and vault maps discovered:
D:1:      minmay_arrival_four_circles, layout_basic
D:2:      layout_loops_cross, ebering_ecumenical_altar_rust,
          kennysheep_generic_room_9
D:4:      layout_cave_pools, mainiacjoe_overflow_concentric_impassable,
          jmf_multi_god_temple2, temple_hall, minmay_cut_off, uniq_ijyb,
          uniq_blork_the_orc

Skill      XL: |  1  2 |
---------------+-------+-----
Dodging        | 1 |  1.4
Spellcasting   | 1 |  1.4
Staves         | 3 |  3.1
Fighting       | |  3.0
Bows           | |  1.0
Armour         | |  1.0
Stealth        | |  1.0
Evocations     | |  1.0

Action                   || total
-------------------------++-------
Melee: Quarterstaff      ||    82
  Use: Potion            ||     1
 Stab: Sleeping          ||     3
Armor: Robe              ||    21
       Skin              ||    10
Dodge: Dodged            ||    45
Block: Other             ||    15
